 Dungeon Crawl Stone Soup version 0.24.0-123-gd5b16e6ec5 (webtiles) character file.

Game seed: 11906206765383027399, levelgen mode: deterministic

460 brucemayne the Cleaver (level 7, 0/57 HPs)
             Began as a Hill Orc Monk on Jan 21, 2020.
             Was a Priest of Trog.
             Slain by a worker ant (3 damage)
             ... on level 4 of the Dungeon.
             The game lasted 00:05:29 (1452 turns).

brucemayne the Cleaver (Hill Orc Monk)              Turns: 1452, Time: 00:05:29

Health: 0/57       AC: 10    Str: 16    XL:     7   Next: 7%
Magic:  7/7        EV:  7    Int: 10    God:    Trog [***...]
Gold:   102        SH:  7    Dex: 13    Spells: 6/6 levels left

rFire    . . .     SeeInvis +   a - +0 hand axe
rCold    . . .     Gourm    .   g - +0 shield
rNeg     . . .     Faith    .   d - +0 scale mail
rPois    .         Spirit   .   f - +0 helmet
rElec    .         Reflect  .   (no cloak)
rCorr    .         Harm     .   j - +2 pair of gloves
MR       ++...                  (no boots)
Stlth    ..........             (no amulet)
HPRegen  1.19/turn              k - ring of see invisible
MPRegen  0.10/turn              (no ring)

@: berserk cooldown, regenerating
A: no striking features
a: Berserk, Trog's Hand, Renounce Religion


You were on level 4 of the Dungeon.
You worshipped Trog.
Trog was most pleased with you.
You were hungry.

You visited 2 branches of the dungeon, and saw 5 of its levels.
You also visited: Ossuary.

You collected 102 gold pieces.

Inventory:

Hand Weapons
 a - a +0 hand axe (weapon)
Armour
 b - a +0 robe
 d - a +0 scale mail (worn)
 f - a +0 helmet (worn)
 g - a +0 shield (worn)
 j - a +2 pair of gloves (worn)
 l - a +0 chain mail
Jewellery
 k - a ring of see invisible (left hand)
 p - an uncursed ring of ice
Scrolls
 e - a scroll of magic mapping
 i - 4 scrolls of identify
 o - a scroll of remove curse
 u - a scroll of noise {unknown}
Potions
 h - 5 potions of curing {unknown}
 m - a potion of invisibility {unknown}
 n - 2 potions of haste
 q - a potion of might {unknown}
 r - 2 potions of flight {unknown}
 s - a potion of berserk rage {unknown}
Comestibles
 c - 2 rations
 t - 3 chunks of flesh


   Skills:
 - Level 3.6 Fighting
 + Level 10.1 Axes
 - Level 2.4 Dodging
 - Level 1.5 Stealth


You had 6 spell levels left.
You didn't know any spells.
Your spell library was empty.

Dungeon Overview and Level Annotations

Branches:
Dungeon (4/15)             Temple (1/1) D:4         Ossuary (visited)

Altars:
Ashenzari
Cheibriados
Dithmenos
Elyvilon
Fedhas
Gozag
Hepliaklqana
Nemelex Xobeh
Okawaru
Qazlal
Ru
Sif Muna
Trog
Uskayaw
Wu Jian
Xom
Yredelemnul
Zin
The Shining One
Jiyva


Message History

There is a stone staircase leading down here.
Found a scroll labeled NUUSENWIJUA.
A worker ant and an ogre come into view.
The ogre shouts!
The worker ant twitches its antennae in your direction.
u - a scroll labeled NUUSENWIJUA The ogre hits you with a +0 giant club.
Your skin crawls.
You feel resistant to hostile enchantments.
You are feeling hungry.
The ogre hits you with a +0 giant club.
Okay, then.
The ogre hits you with a +0 giant club!!
* * * LOW HITPOINT WARNING * * *
You block the worker ant's attack. The ogre hits you with a +0 giant club!
* * * LOW HITPOINT WARNING * * *
Unknown command.
You feel yourself speed up. The worker ant bites you.
You die...

#.#.##)))######.####.#...#.#
#..#...###### #<#..<..#
#.#.......... ###..##.#
#.#.######### #.......#
#...######### #.##.####
#.###..#....... #.##....#
#.....>#.....# #.##.##.#
######.#.....#####.#.#####.#
#......Oa@....#.......#
###.###################
#a....... ....##### .....+
......# .......# ........#
.........#


You could see an ogre and a worker ant.

Vanquished Creatures
  Sigmund (D:3)
  A scorpion (D:4)
  A gnoll shaman (D:4)
  An orc priest (D:4)
  A big kobold zombie (Ossuary)
  2 mummies (Ossuary)
  5 gnolls (D:4)
  3 adders
  8 adder zombies (Ossuary)
  A leopard gecko (D:4)
  4 orcs (D:4)
  A ball python (D:1)
  3 gnoll zombies (Ossuary)
  2 goblins
  4 hobgoblins
  5 jackals (D:3)
  6 bats
  3 frilled lizards
  4 hobgoblin zombies (Ossuary)
  5 kobolds
  7 kobold zombies (Ossuary)
  A leopard gecko skeleton (D:4)
  6 orc zombies (Ossuary)
  2 rats (D:1)
77 creatures vanquished.

Notes
Turn   | Place    | Note
-------+----------+-------------------------------------------
     0 | D:1      | brucemayne the Hill Orc Monk began the quest for the Orb.
     0 | D:1      | Reached XP level 1. HP: 19/19 MP: 1/1
   243 | D:1      | Reached XP level 2. HP: 24/26 MP: 2/2
   386 | D:2      | Reached skill level 5 in Axes
   391 | D:2      | Found a faded altar of an unknown god.
   480 | D:2      | Found a sparkling altar of Nemelex Xobeh.
   563 | D:2      | Found a sacrificial altar of Ru.
   567 | D:2      | Found a shimmering blue altar of Sif Muna.
   568 | D:2      | Found an ornate altar of the Wu Jian Council.
   568 | D:2      | Found a bloodstained altar of Trog.
   568 | D:2      | Found a shadowy altar of Dithmenos.
   568 | D:2      | Found a sparkling altar of Nemelex Xobeh.
   570 | D:2      | Found a hide-covered altar of Uskayaw.
   573 | D:2      | Found a glowing golden altar of the Shining One.
   580 | D:2      | Became a worshipper of Trog the Wrathful
   580 | D:2      | Reached * piety under Trog
   580 | D:2      | Reached ** piety under Trog
   628 | D:2      | Reached XP level 3. HP: 11/31 MP: 3/3
   705 | D:3      | Noticed Sigmund
   720 | D:3      | Killed Sigmund
   720 | D:3      | Reached skill level 8 in Axes
   720 | D:3      | Reached XP level 4. HP: 39/39 MP: 4/4
   720 | D:3      | Reached XP level 5. HP: 45/45 MP: 5/5
   879 | D:4      | Reached XP level 6. HP: 35/51 MP: 6/6
   905 | D:4      | Found a sand-covered staircase.
  1028 | Ossuary  | Entered an ossuary
  1061 | Ossuary  | Reached skill level 9 in Axes
  1310 | D:4      | Reached *** piety under Trog
  1329 | D:4      | Found a staircase to the Ecumenical Temple.
  1346 | Temple   | Entered the Ecumenical Temple
  1424 | D:4      | Reached skill level 10 in Axes
  1425 | D:4      | Reached XP level 7. HP: 47/57 MP: 7/7
  1451 | D:4      | HP: 1/57 [ogre/+0 giant club (15)]
  1452 | D:4      | Slain by a worker ant

Levels and vault maps discovered:
D:1:      dpeg_arrival_boxes_within_box, layout_basic
D:2:      layout_basic, gammafunk_temple_overflow_pools, minitemple,
          chequers_ecumenical_altar_simple_redux, first_ration,
          nemelex_lonely_heart_becter
D:3:      layout_basic, old_standard_altar, chequers_serial_rivers_large_b,
          uniq_terence, uniq_sigmund
D:4:      layout_basic, minmay_temple_entry_metal_lava, portal_sewer_entry_f,
          enter_ossuary_2
Temple:   pf_slime_end_temple

Skill      XL: |  1  2  3  4  5  6 |
---------------+-------------------+-----
Axes           | 5 8 10 | 10.1
Fighting       | |  3.6
Dodging        | |  2.4
Stealth        | |  1.5

Action                   |  1- 3 |  4- 6 |  7- 9 || total
-------------------------+-------+-------+-------++-------
Melee: Hand axe          |    66 |   221 |     2 ||   289
Invok: Trog's Hand       |     2 |       |     1 ||     3
       Berserk           |     1 |     2 |       ||     3
  Use: Potion            |     1 |       |       ||     1
       Scroll            |       |     4 |       ||     4
  Eat: Chunk             |       |     5 |       ||     5
Armor: Scale mail        |    57 |    81 |     1 ||   139
Dodge: Dodged            |    32 |    62 |       ||    94
Block: Shield            |    29 |    53 |     1 ||    83
